 Dungeon Crawl Stone Soup version 0.31-a0-986-g5e6e4ef867 (webtiles) character file.

Game seed: 12067987025702428742

135 horus123 the Trooper (level 4, -2/29 HPs)
             Began as a Deep Elf Gladiator on Nov 16, 2023.
             Slain by a sleepcap (16 damage)
             ... on level 4 of the Dungeon.
             The game lasted 00:05:18 (2748 turns).

horus123 the Trooper (Deep Elf Gladiator)           Turns: 2748, Time: 00:05:18

Health: -2/29      AC:  7    Str:  9    XL:     4   Next: 96%
Magic:  6/6        EV:  2    Int: 18    God:
Gold:   157        SH:  0    Dex: 18    Spells: 2/3 levels left

rFire   . . .        t - +6 dagger "Seimulek" {pain, rC+ Will+ Str-2 Int+5 Stlth+}
rCold   + . .        (no shield)
rNeg    . . .        g - +0 ring mail
rPois   .            c - +0 helmet
rElec   .            i - +0 cloak
rCorr   .            (no gloves)
SInv    .            (no boots)
Will    +....        (no amulet)
Stlth   ++           (no ring)
HPRegen 0.24/turn    (no ring)
MPRegen 0.10/turn

%: no passive effects
@: sleeping
A: no striking features
a: no special abilities


You were on level 4 of the Dungeon.
You visited 1 branch of the dungeon, and saw 4 of its levels.

You collected 157 gold pieces.

Inventory:

Hand Weapons
 a - a +0 long sword
 t - the +6 dagger "Seimulek" (weapon) {pain, rC+ Will+ Str-2 Int+5 Stlth+}
   (You found it on level 3 of the Dungeon)

   Str-2:     It affects your strength (-2).
   Int+5:     It affects your intelligence (+5).
   rC+:       It protects you from cold.
   Will+:     It increases your willpower.
   Stlth+:    It makes you more stealthy.
Missiles
 d - 3 throwing nets
 e - a javelin (quivered)
 f - 2 silver javelins
 n - 3 atropa-tipped darts
 q - 4 datura-tipped darts
Armour
 c - a +0 helmet (worn)
 g - a +0 ring mail (worn)
 i - a +0 cloak (worn)
 s - a +0 chain mail
Scrolls
 b - 4 scrolls of identify {unknown}
 j - a scroll of fog {unknown}
 m - 2 scrolls of summoning {unknown}
 o - 3 scrolls of teleportation {unknown}
Potions
 h - 3 potions of curing {unknown}
 k - 2 potions of brilliance {unknown}
 l - 2 potions of heal wounds {unknown}
 p - a potion of resistance {unknown}
 r - a potion of cancellation {unknown}


   Skills:
 + Level 4.3 Fighting
 - Level 2.6 Long Blades
 - Level 2.0 Throwing
 - Level 3.6 Dodging


You had 2 spell levels left.
You knew the following spells:

 Your Spells              Type           Power      Damage    Failure   Level
a - Sting                 Tmut/Pois      0%         1d3       52%         1

Your spell library contained the following spells:

 Spells                   Type           Power      Damage    Failure   Level
 Necrotise                Necr           0%         1d4       52%         1
 Vampiric Draining        Necr           0%         2d6       88%         3
 Agony                    Necr           0%         N/A       100%        5


Dungeon Overview and Level Annotations

Branches:
Dungeon (4/15)
 Temple: D:4-7

Altars:
Cheibriados

Annotations:
D:3 1 runed translucent door, howech's ghost, amateur OpAE


Message History

There is an open door here.
A ball python comes into view.
The helpless ball python fails to defend itself.
You puncture the ball python!
You kill the ball python!
No target in view!
No target in view!
You open the door.
A sleepcap comes into view.
The sleepcap moves out of view.
No target in view!
No target in view!
You see here a red potion.
A sleepcap is nearby!
The sleepcap releases spores at you.
You are engulfed in a cloud of soporific spores!
You fall asleep.
The sleepcap releases spores at you!
You wake up.
Okay, then.
You hit the sleepcap.
The sleepcap is moderately damaged.
The sleepcap barely misses you.
You hit the sleepcap.
The sleepcap is moderately damaged.
The sleepcap releases spores at you.
You are engulfed in a cloud of soporific spores!
You are unaffected.
You hit the sleepcap.
The sleepcap is moderately damaged.
You hit the sleepcap but do no damage.
The sleepcap is moderately damaged.
The sleepcap closely misses you.
You completely miss the sleepcap.
The sleepcap is moderately damaged.
The sleepcap releases spores at you.
You are engulfed in a cloud of soporific spores!
You fall asleep.
The sleepcap releases spores at you!
Ouch! That really hurt!
You die...

#.....# #.....
#.....# #.:...
#.....# #.....
######.....####.....
#......##'#....#+###
#......#..#...†#...#
#...!..#..+....#<..'
#......#..#....#...#
#..@...#######.#####
......f##### ### #
....... # .....$. #
....... # ....... #
....... # .......


You could see a sleepcap.

Vanquished Creatures
  An iron imp (D:3)
  5 adders
  2 dart slugs
  3 orcs (D:3)
  4 endoplasms
  3 giant cockroaches
  6 hobgoblins
  4 jackals (D:2)
  7 kobolds
  2 quokkas
  4 ball pythons
  4 bats
  5 goblins
  4 rats (D:3)
54 creatures vanquished.

Notes
Turn   | Place    | Note
-------+----------+-------------------------------------------
     0 | D:1      | horus123 the Deep Elf Gladiator began the quest for the
                  | Orb.
     0 | D:1      | Reached XP level 1. HP: 12/12 MP: 3/3
   124 | D:1      | Reached skill level 2 in Fighting
   176 | D:1      | Reached XP level 2. HP: 17/17 MP: 4/4
   258 | D:1      | Found a faded altar of an unknown god.
   263 | D:1      | Got Plato's Spellbook of Transition and Virulence
   266 | D:1      | Learned a level 1 spell: Sting
   693 | D:2      | Found a snail-covered altar of Cheibriados.
   814 | D:2      | Reached XP level 3. HP: 18/22 MP: 5/5
  1021 | D:2      | Reached skill level 3 in Fighting
  1493 | D:3      | Reached XP level 4. HP: 9/28 MP: 6/6
  2083 | D:3      | Found a runed translucent door.
  2109 | D:3      | Identified the +6 dagger "Seimulek" {pain, rC+ Will+ Str-2
                  | Int+5 Stlth+}
  2309 | D:3      | Found a snail-covered altar of Cheibriados.
  2322 | D:3      | Reached skill level 4 in Fighting
  2633 | D:3      | Noticed a bullfrog
  2634 | D:3      | Noticed howech's ghost (amateur OpAE)
  2748 | D:4      | Slain by a sleepcap

Illustrated notes

Levels and vault maps discovered:
D:1:      scummos_arrival_checkerplants, layout_basic,
          shapermc_ecumenical_altar_rom_forum, serial_rivers,
          chequers_serial_rivers_micro_b, chequers_serial_rivers_micro_a,
          chequers_serial_rivers_micro_d, chequers_serial_rivers_large_b,
          chequers_serial_rivers_small_3
D:2:      layout_basic, basic_altar
D:3:      layout_loops_ring, slow_altar_2, ebering_ghost_sewer_d,
          hangedman_decor_push, st_stairs_3, minmay_misc_feat_iff
D:4:      cheibrodos_quashed, layout_gridville, minmay_puff, uniq_pikel,
          uniq_grinder

Skill      XL: |  1  2  3  4 |
---------------+-------------+-----
Fighting       | 2 3 4 |  4.3
Long Blades    | |  2.6
Throwing       | |  2.0
Dodging        | |  3.6

Action                     |  1- 3 |  4- 6 || total
---------------------------+-------+-------++-------
  Melee: Long sword        |   105 |    48 ||   153
         Dagger            |       |    24 ||    24
  Throw: Javelin           |    11 |       ||    11
   Stab: Sleeping          |     1 |     2 ||     3
 Armour: Leather armour    |     8 |       ||     8
         Ring mail         |    75 |    35 ||   110
  Dodge: Dodged            |   109 |    40 ||   149

Table legend: (Time is in decaauts)
 A = Elapsed time spent in this place.
 B = Non-inter-level travel time spent in this place.
 C = Inter-level travel time spent in this place.
 D = Time resting spent in this place.
 E = Time spent auto-exploring this place.
 F = Levels seen in this place.
 G = Mean time per level.
                   A        B        C        D        E       F      G
               +--------+--------+--------+--------+--------+-----+--------+
         Total |   2822 |   2718 |    104 |    372 |   1838 |   4 |  705.5 |
       Dungeon |   2822 |   2718 |    104 |    372 |   1838 |   4 |  705.5 |
               +--------+--------+--------+--------+--------+-----+--------+

Top non-repeatable levels by time:
     D:3: 1265 daAuts
     D:2: 764 daAuts
     D:1: 708 daAuts
     D:4: 84 daAuts
